 Dungeon Crawl Stone Soup version 0.29-a0-350-g7790a0e70a (webtiles) character file.

Game seed: 1867638130967995584

2 Shayle the Sneak (level 1, 0/12 HPs)
             Began as a Tengu Brigand on Apr 22, 2022.
             Slain by a jackal (2 damage)
             ... on level 1 of the Dungeon.
             The game lasted 00:00:20 (47 turns).

Shayle the Sneak (Tengu Brigand)                      Turns: 47, Time: 00:00:22

Health: 0/12       AC:  3    Str: 11    XL:     1   Next: 40%
Magic:  2/2        EV: 12    Int: 11    God:
Gold:   0          SH:  0    Dex: 15    Spells: 0/0 levels left

rFire   . . .      SeeInvis .   a - +2 dagger
rCold   . . .      Faith    .   (no shield)
rNeg    . . .      Spirit   .   b - +0 robe
rPois   .          Reflect  .   (helmet restricted)
rElec   .          Harm     .   c - +0 cloak
rCorr   .          Rampage  .   (no gloves)
Will    .....                   (boots unavailable)
Stlth   +++.......              (no amulet)
HPRegen 0.04/turn               (no ring)
MPRegen 0.08/turn               (no ring)

@: no status effects
A: beak, talons 3
a: no special abilities


You were on level 1 of the Dungeon.
You visited 1 branch of the dungeon, and saw 1 of its levels.

Inventory:

Hand Weapons
 a - a +2 dagger (weapon)
Missiles
 d - 8 poisoned darts (quivered)
 e - 3 curare-tipped darts
Armour
 b - a +0 robe (worn)
 c - a +0 cloak (worn)
Potions
 f - a potion of degeneration {unknown}


   Skills:
 + Level 2.1 Fighting
 - Level 2.1 Short Blades
 - Level 2.0 Throwing
 + Level 1.2 Dodging
 + Level 4.0 Stealth


You couldn't memorise any spells.
You didn't know any spells.
Your spell library was empty.

Dungeon Overview and Level Annotations

Branches:
Dungeon (1/15)

Altars:


Innate Abilities, Weirdness & Mutations

You have a beak for a mouth.
You have claws for feet.


Message History

Press ? for a list of commands and other information.
Found a staircase leading out of the dungeon.
Found a mace.
A kobold comes into view. It is wielding a +0 club.
The kobold shouts!
The kobold barely misses you.
You hit the kobold. You claw the kobold.
You kill the kobold!
You see here a +0 club.
A quokka comes into view.
Found an escape hatch in the floor.
You hit the quokka but do no damage. Your kick misses the quokka.
The quokka bites you.
You completely miss the quokka. The quokka misses you.
The quokka closely misses you.
You miss the quokka. The quokka bites you.
You closely miss the quokka. You claw the quokka.
You kill the quokka!
A jackal, a ball python and a goblin come into view.
The jackal barks!
The ball python hisses angrily.
You hear a shout!
You hear a bark!
A hobgoblin comes into view.
A jackal comes into view. x2
The teleport trap disappears.
The hobgoblin disappears!
The jackal closely misses you. The ball python bites you.
The ball python barely misses you. The jackal closely misses you.
You see here an inky potion.
f - an inky potion The jackal barely misses you.
The ball python bites you.
* * * LOW HITPOINT WARNING * * *
The ball python grabs you. The ball python constricts you.
You escape the ball python's grasp.
The jackal bites you but does no damage.
Throw: 9 darts (poison)
Press: ? - help, Q - select action, (/) - cycle Shift-Dir - straight line, f - jackal
Aim: a jackal (53% to hit)
You throw a poisoned dart. The poisoned dart hits the jackal.
The jackal is poisoned.
The jackal bites you.
You die...

####### #.....# #.....#
#.....# #.....## #......#
#>.....################
#........hh@....).....#
########.S###########.#
##.###########.#####
##S##.)............#
#.h##..............#
.......g.##..####.#####..#
.........##...........#..#
.........##..#........#
... .........# #........#
##


You could see 2 jackals and a ball python.

Vanquished Creatures
  A kobold (D:1)
  A quokka (D:1)
2 creatures vanquished.

Notes
Turn   | Place    | Note
-------+----------+-------------------------------------------
     0 | D:1      | Shayle the Tengu Brigand began the quest for the Orb.
     0 | D:1      | Reached XP level 1. HP: 12/12 MP: 2/2
    47 | D:1      | Slain by a jackal

Illustrated notes

Levels and vault maps discovered:
D:1:      lemuel_arrival_room, layout_rooms

Action                   || total
-------------------------++-------
Melee: Dagger            ||     5
       Kick              ||     2
Throw: Dart              ||     1
Armor: Robe              ||     1
Dodge: Dodged            ||     7

Table legend: (Time is in decaauts)
 A = Elapsed time spent in this place.
 B = Non-inter-level travel time spent in this place.
 C = Inter-level travel time spent in this place.
 D = Time resting spent in this place.
 E = Time spent auto-exploring this place.
 F = Levels seen in this place.
 G = Mean time per level.
                   A        B        C        D        E       F      G
               +--------+--------+--------+--------+--------+-----+--------+
         Total |     46 |     46 |      0 |      0 |     12 |   1 |   46.0 |
       Dungeon |     46 |     46 |      0 |      0 |     12 |   1 |   46.0 |
               +--------+--------+--------+--------+--------+-----+--------+

Top non-repeatable levels by time:
     D:1: 46 daAuts
